 Dungeon Crawl Stone Soup version 0.29.0-4-gdea44cf6ec (webtiles) character file.

Game seed: 12935084077969749381

47 qw the Chopper (level 3, 0/21 HPs)
             Began as a Tengu Warper on Aug 28, 2022.
             Succumbed to an adder's poison
             ... on level 2 of the Dungeon.
             The game lasted 00:00:05 (1119 turns).

qw the Chopper (Tengu Warper)                       Turns: 1119, Time: 00:00:06

Health: 0/21       AC:  3    Str: 13    XL:     3   Next: 70%
Magic:  7/7        EV: 12    Int: 13    God:
Gold:   74         SH:  0    Dex: 13    Spells: 6/6 levels left

rFire   . . .      SeeInvis .   Y - +1 hand axe
rCold   . . .      Faith    .   (no shield)
rNeg    . . .      Spirit   .   b - +0 leather armour
rPois   .          Reflect  .   (helmet restricted)
rElec   .          Harm     .   (no cloak)
rCorr   .          Rampage  .   (no gloves)
Will    .....                   (boots unavailable)
Stlth   +.........              (no amulet)
HPRegen 0.07/turn               (no ring)
MPRegen 0.10/turn               (no ring)

@: lethally poisoned (0 -> -2)
A: beak, talons 3
a: no special abilities


You were on level 2 of the Dungeon.
You visited 1 branch of the dungeon, and saw 2 of its levels.

You collected 74 gold pieces.


Innate Abilities, Weirdness & Mutations

You have a beak for a mouth.
You have claws for feet.


   Skills:
 - Level 2.0 Fighting
 + Level 4.3 Axes
 - Level 1.0 Throwing
 - Level 1.1 Armour
 - Level 2.1 Dodging
 - Level 2.0 Spellcasting
 - Level 2.4 Translocations


You had 6 spell levels left.
You didn't know any spells.
Your spell library contained the following spells:

 Spells                   Type           Power      Damage    Failure   Level
 Blink                    Tloc           14%        N/A       19%         2
 Gell's Gravitas          Tloc           7%         N/A       36%         3
 Lesser Beckoning         Tloc           7%         N/A       36%         3
 Teleport Other           Tloc           7%         N/A       36%         3
 Manifold Assault         Tloc           7%         N/A       98%         5

Inventory:

Hand Weapons
 j - a +0 club
 Y - a +1 hand axe (weapon)
Missiles
 l - 5 javelins (quivered)
Armour
 a - a +0 scale mail
 b - a +0 leather armour (worn)
Scrolls
 d - a scroll of poison {unknown}
 g - a scroll of identify
Potions
 c - a potion of resistance {unknown}
 e - a potion of attraction {unknown}
 f - a potion of mutation {unknown}
 h - 2 potions of curing {unknown}
 i - a potion of invisibility {unknown}
 k - a potion of heal wounds {unknown}

Dungeon Overview and Level Annotations

Branches:
Dungeon (2/15)

Altars:


Message History

a +0 dagger; a goblin corpse
l - 4 javelins (gained 2)
l - 5 javelins (gained 1)
You see here a staff of poison.
Enter note:
Found a ring mail.
f - a lumpy pink potion You see here a +0 ring mail.
A hobgoblin comes into view.
The hobgoblin shouts!
You hear an angry hiss.
An adder comes into view.
You hit the adder. Your kick misses the adder. Your peck misses the adder.
The adder is heavily wounded.
The adder closely misses you. The adder barely misses you.
You barely miss the adder. Your peck misses the adder.
The adder is heavily wounded.
The adder bites you.
You are poisoned.
The adder poisons you!
You hit the adder. Your peck misses the adder.
The adder is heavily wounded.
You feel sick. The adder bites you.
You are more poisoned.
The adder poisons you!
You barely miss the adder. Your kick misses the adder.
The adder is heavily wounded.
You feel very sick. The adder bites you. The adder closely misses you.
You hit the adder.
You kill the adder!
You feel sick.
You hit the hobgoblin. You claw the hobgoblin.
You kill the hobgoblin!
You feel sick.
There is a lethal amount of poison in your body!
You feel sick.
There is a lethal amount of poison in your body!
You feel sick.
There is a lethal amount of poison in your body!
You die...

#####.......# ...##.......#
#.## ##.# ...##.......# #..
#.#.# ...##.......# #.. . #.#
...###......# #...# #.#
....##......# #.#. #.#
....##......# #.. #.#
....##......##.#%#####.#
....#####......#@..[...######
###..####.###...............#
##...##'####(#...#..#.###.#
##..........#._.#..#.....#
#..........#...#..#.....#
#.......................# .#
#.......................#
.####..........#......#...#.#
...............#.....|#...#.#


There were no monsters in sight!

Vanquished Creatures
  2 adders (D:2)
  A dart slug (D:1)
  2 endoplasms (D:1)
  A giant cockroach (D:1)
  5 goblins
  4 hobgoblins
  A kobold (D:1)
  A quokka (D:1)
  A ball python (D:2)
  5 bats (D:1)
  2 frilled lizards (D:1)
  A rat (D:1)
26 creatures vanquished.

Notes
Turn   | Place    | Note
-------+----------+-------------------------------------------
     0 | D:1      | qw the Tengu Warper began the quest for the Orb.
     0 | D:1      | Reached XP level 1. HP: 12/12 MP: 4/4
     0 | D:1      | 0 ||| qw: Version: 0.1-a-89-g26bdef1
     0 | D:1      | 0 ||| qw: Game counter: 1230
     0 | D:1      | 0 ||| qw: Always use a shield: true
     0 | D:1      | 0 ||| qw: God list: Okawaru
     0 | D:1      | 0 ||| qw: Allow faded altars: false
     0 | D:1      | 0 ||| qw: Do Orc after D:15 true
     0 | D:1      | 0 ||| qw: Do second Lair branch before Depths: true
     0 | D:1      | 0 ||| qw: Lair rune preference: random
     0 | D:1      | 0 ||| qw: Plans: Normal
     0 | D:1      | 0 ||| PLANNING D:1-11
    48 | D:1      | 48 ||| Stepping ~*~*~tactically~*~*~ (stealth).
    99 | D:1      | Reached XP level 2. HP: 17/17 MP: 6/6
   109 | D:1      | Reached skill level 3 in Axes
   658 | D:1      | 658 ||| READING scroll labelled GOHIVE RILU.
   659 | D:1      | 659 ||| READING scroll labelled HON BASERIV.
   663 | D:1      | 663 ||| READING scroll labelled YPRIGO FYTHRIZI.
   664 | D:1      | 664 ||| READING 2 scrolls labelled USAQAL XURCHILA.
   665 | D:1      | 665 ||| DROPPING scroll of blinking.
   758 | D:2      | Reached XP level 3. HP: 16/21 MP: 7/7
   904 | D:2      | Reached skill level 4 in Axes
   983 | D:2      | Found a faded altar of an unknown god.
  1115 | D:2      | HP: 5/21 [poisoned by an adder]
  1117 | D:2      | HP: 2/21 [poisoned by an adder]
  1119 | D:2      | Succumbed to an adder's poison

Levels and vault maps discovered:
D:1:      minmay_arrival_hallway, layout_basic,
          wander_ebering_terrifying_dragon_lair
D:2:      layout_basic, hellmonk_ecumenical_altar_lost_god, minmay_3d_cube

Skill      XL: |  1  2  3 |
---------------+----------+-----
Axes           | 3 4 |  4.3
Fighting       | |  2.0
Throwing       | |  1.0
Armour         | |  1.1
Dodging        | |  2.1
Spellcasting   | |  2.0
Translocations | |  2.4

Action                   || total
-------------------------++-------
Melee: Hand axe          ||    54
       Kick              ||    10
       Peck              ||     6
Throw: Boomerang         ||     7
       Javelin           ||     5
  Use: Scroll            ||     4
Armor: Leather armour    ||    14
Dodge: Dodged            ||    34

Table legend:
 A = Non-vault XP
 B = Vault XP
 C = Vault XP percentage of total XP
 D = Non-vault monster count
 E = Vault monster count
 F = Vault count percentage of total count
                 A         B        C        D         E       F
            +---------+---------+-------+---------+---------+-------
      Total |      64 |       4 |   5.9 |      23 |       3 |  11.5
            +---------+---------+-------+---------+---------+-------
        D:1 |      32 |       1 |   3.0 |      18 |       1 |   5.3
        D:2 |      32 |       3 |   8.6 |       5 |       2 |  28.6
            +---------+---------+-------+---------+---------+-------
